General information
- name: BNet
- type: Ladder team game (AT/RT)
- host: Battle.net
- saver: EsotericTrumpst
map: GolemsInTheMist
- players: 8
- length: 45:33
- speed: Fast
- version: 1.27 W3XP
- replay type: Public
» download(235 KB)
Players
team 1 (loser)
Screw_It (
blue | 70 APM | 2040 actions | 29:00)
7 Far Seer
3 Feral Spirit
3 Chain Lighting
1 Earth Quake
5 Shadow Hunter
3 Healing Wave
2 Serpent Ward
3 Tauren Chieftain
2 Endurance Aura
1 Shockwave
» actions
| Assign group hotkey | 86 | |
| Basic commands | 105 | |
| Build / train | 111 | |
| ESC pressed | 2 | |
| Enter build submenu | 36 | |
| Enter hero's abilities submenu | 15 | |
| Right click | 749 | |
| Select / deselect | 417 | |
| Select group hotkey | 387 | |
| Use ability | 132 | |
2040 total
» units
| Peon | 13 | |
| Troll Headhunter/Berserker | 32 | |
| Goblin Shredder | 2 | |
| Shaman | 7 | |
| Troll Witch Doctor | 3 | |
57 total
» upgrades
| Ranged Weapons | 3 | |
| Armor | 3 | |
| Troll Regeneration | 1 | |
| Berserker Upgrade | 1 | |
| Shaman Training | 2 | |
| Reinforced Defenses | 1 | |
| Spiked Barricades | 3 | |
| Witch Doctor Training | 2 | |
16 total
» buildings
| Orc Burrow | 13 | |
| War Mill | 1 | |
| Barracks | 1 | |
| Altar of Storms | 1 | |
| Voodoo Lounge | 2 | |
| Great Hall | 3 | |
| Stronghold | 1 | |
| Fortress | 1 | |
| Spirit Lodge | 1 | |
| Watch Tower | 16 | |
40 total
» build order
00:20 Orc Burrow
00:39 War Mill
00:49 Barracks
01:05 Orc Burrow
01:38 Altar of Storms
02:49 Orc Burrow
03:39 Voodoo Lounge
04:57 Great Hall
05:29 Stronghold
07:01 Orc Burrow
07:02 Orc Burrow
07:53 Fortress
09:51 Orc Burrow
09:53 Spirit Lodge
12:55 Voodoo Lounge
13:50 Orc Burrow
13:51 Orc Burrow
13:52 Orc Burrow
13:53 Orc Burrow
16:22 Watch Tower
16:24 Watch Tower
16:33 Watch Tower
16:36 Watch Tower
17:09 Orc Burrow
17:10 Orc Burrow
17:13 Watch Tower
17:14 Watch Tower
17:14 Watch Tower
17:16 Watch Tower
17:16 Watch Tower
21:14 Orc Burrow
22:09 Great Hall
24:20 Great Hall
24:35 Watch Tower
24:37 Watch Tower
24:39 Watch Tower
24:55 Watch Tower
25:23 Watch Tower
25:44 Watch Tower
25:47 Watch Tower
» items
| Scroll of Town Portal | 6 | |
| Lesser Clarity Potion | 4 | |
| Orb of Lightning | 3 | |
| Potion of Healing | 3 | |
| Potion of Mana | 1 | |
| Healing Salve | 1 | |
18 total

»
lENDs (
purple | 23 APM | 907 actions | 38:56)
3 Mountain King
2 Storm Bolt
1 Bash
» actions
| Assign group hotkey | 4 | |
| Basic commands | 21 | |
| Build / train | 58 | |
| Enter build submenu | 38 | |
| Enter hero's abilities submenu | 3 | |
| Remove unit from queue | 1 | |
| Right click | 419 | |
| Select / deselect | 298 | |
| Select group hotkey | 2 | |
| Use ability | 63 | |
907 total
» units
| Peasant | 14 | |
| Footman | 1 | |
| Siege Engine | 13 | |
28 total
» upgrades
| Masonry | 1 | |
| Lumber Harvesting | 2 | |
| Gunpowder | 3 | |
| Barrage | 1 | |
| Armor | 2 | |
9 total
» buildings
| Farm | 8 | |
| Lumber Mill | 3 | |
| Altar of Kings | 1 | |
| Scout Tower | 14 | |
| Guard Tower | 9 | |
| Barracks | 1 | |
| Keep | 1 | |
| Blacksmith | 1 | |
| Arcane Tower | 1 | |
| Castle | 1 | |
| Workshop | 3 | |
43 total
» build order
00:18 Farm
00:27 Lumber Mill
00:50 Altar of Kings
01:11 Scout Tower
01:33 Scout Tower
01:44 Guard Tower
02:28 Barracks
03:34 Keep
03:43 Blacksmith
03:49 Farm
04:49 Scout Tower
05:18 Scout Tower
05:20 Scout Tower
05:31 Farm
05:33 Arcane Tower
05:52 Guard Tower
05:53 Guard Tower
05:55 Scout Tower
05:56 Scout Tower
06:29 Guard Tower
06:31 Guard Tower
06:35 Scout Tower
06:38 Scout Tower
07:24 Scout Tower
07:37 Scout Tower
07:48 Scout Tower
07:55 Farm
07:57 Guard Tower
08:03 Scout Tower
08:12 Guard Tower
08:31 Lumber Mill
08:34 Guard Tower
08:41 Farm
09:21 Farm
09:27 Farm
10:08 Castle
10:17 Scout Tower
11:03 Guard Tower
11:13 Workshop
12:10 Workshop
13:17 Workshop
13:30 Farm
17:42 Lumber Mill
» items
| Scroll of Speed | 1 | |
| Scroll of Town Portal | 2 | |
| Potion of Healing | 1 | |
4 total
passthepopcorn (
orange | 88 APM | 3426 actions | 38:56)
5 Archmage
3 Summon Water Elemental
2 Brilliance Aura
» actions
| Assign group hotkey | 95 | |
| Basic commands | 449 | |
| Build / train | 202 | |
| Enter build submenu | 47 | |
| Enter hero's abilities submenu | 5 | |
| Give item / drop item | 12 | |
| Right click | 794 | |
| Select / deselect | 420 | |
| Select group hotkey | 1157 | |
| Use ability | 245 | |
3426 total
» units
| Peasant | 15 | |
| Footman | 5 | |
| Goblin Shredder | 4 | |
| Goblin Zeppelin | 3 | |
| Gryphon Rider | 8 | |
| Goblin Sapper | 13 | |
| Dragonhawk Rider | 2 | |
| Siege Engine | 5 | |
55 total
» upgrades
| Masonry | 3 | |
| Armor | 3 | |
| Swords | 3 | |
| Animal War Training | 1 | |
| Storm Hammers | 1 | |
| Cloud | 1 | |
| Plating | 3 | |
| Gunpowder | 3 | |
| Lumber Harvesting | 1 | |
| Backpack | 1 | |
| Barrage | 1 | |
| Fragmentation Shards | 1 | |
| Sorceress Training | 2 | |
| Priest Training | 2 | |
| Control Magic | 1 | |
| Flare | 1 | |
| Flak Cannons | 1 | |
| Flying Machine Bombs | 1 | |
30 total
» buildings
| Farm | 11 | |
| Altar of Kings | 1 | |
| Barracks | 1 | |
| Arcane Vault | 1 | |
| Lumber Mill | 1 | |
| Keep | 4 | |
| Guard Tower | 54 | |
| Town Hall | 2 | |
| Scout Tower | 24 | |
| Castle | 4 | |
| Blacksmith | 2 | |
| Gryphon Aviary | 3 | |
| Workshop | 2 | |
| Arcane Sanctum | 1 | |
111 total
» build order
01:07 Farm
01:19 Altar of Kings
01:21 Farm
01:23 Barracks
01:30 Farm
02:34 Arcane Vault
02:39 Farm
03:43 Farm
04:00 Lumber Mill
04:18 Keep
04:18 Keep
04:18 Keep
04:25 Farm
07:11 Guard Tower
07:11 Guard Tower
07:11 Guard Tower
07:11 Guard Tower
07:13 Guard Tower
07:14 Guard Tower
07:19 Town Hall
07:22 Scout Tower
07:24 Scout Tower
07:25 Scout Tower
07:26 Scout Tower
07:29 Scout Tower
07:31 Scout Tower
07:33 Scout Tower
07:53 Guard Tower
07:53 Guard Tower
07:57 Guard Tower
07:57 Guard Tower
08:04 Scout Tower
08:04 Scout Tower
08:06 Scout Tower
08:07 Scout Tower
08:43 Guard Tower
08:45 Guard Tower
08:52 Guard Tower
08:52 Guard Tower
08:52 Guard Tower
08:53 Guard Tower
09:49 Castle
09:49 Castle
09:51 Guard Tower
09:51 Guard Tower
09:52 Guard Tower
10:43 Blacksmith
10:44 Blacksmith
11:16 Town Hall
11:18 Scout Tower
11:19 Scout Tower
11:21 Scout Tower
11:22 Scout Tower
11:23 Scout Tower
11:27 Scout Tower
11:28 Scout Tower
11:30 Scout Tower
11:32 Scout Tower
11:59 Guard Tower
12:11 Gryphon Aviary
12:12 Gryphon Aviary
12:14 Gryphon Aviary
12:34 Guard Tower
12:36 Guard Tower
12:36 Guard Tower
12:37 Guard Tower
12:37 Guard Tower
13:33 Scout Tower
13:34 Scout Tower
13:48 Guard Tower
13:48 Guard Tower
13:48 Guard Tower
13:49 Guard Tower
13:52 Guard Tower
13:52 Guard Tower
14:10 Guard Tower
14:11 Guard Tower
14:11 Guard Tower
14:18 Scout Tower
14:20 Scout Tower
14:22 Guard Tower
14:22 Guard Tower
14:34 Keep
15:19 Guard Tower
17:03 Castle
19:41 Workshop
19:43 Workshop
19:53 Arcane Sanctum
22:51 Farm
22:54 Farm
22:55 Farm
31:23 Farm
31:24 Farm
» items
| Scroll of Regeneration | 4 | |
| Mechanical Critter | 4 | |
| Ivory Tower | 8 | |
| Scroll of Town Portal | 3 | |
| Staff of Sanctuary | 1 | |
| Tiny Great Hall | 2 | |
| Orb of Lightning | 1 | |
23 total
I_PLAY_NAKED (
pink | 33 APM | 986 actions | 29:33)
6 Blademaster
2 Wind Walk
3 Critical Strike
1 Bladestorm
» actions
| Assign group hotkey | 23 | |
| Basic commands | 1 | |
| Build / train | 65 | |
| Enter build submenu | 33 | |
| Enter hero's abilities submenu | 6 | |
| Give item / drop item | 1 | |
| Right click | 328 | |
| Select / deselect | 243 | |
| Select group hotkey | 196 | |
| Use ability | 90 | |
986 total
» units
| Peon | 12 | |
| Grunt | 10 | |
| Goblin Shredder | 1 | |
| Goblin Zeppelin | 1 | |
| Troll Headhunter/Berserker | 5 | |
| Troll Batrider | 7 | |
| Wind Rider | 4 | |
40 total
» upgrades
| Pillage | 1 | |
| Ranged Weapons | 2 | |
| Armor | 2 | |
| Liquid Fire | 1 | |
6 total
» buildings
| Altar of Storms | 1 | |
| Orc Burrow | 11 | |
| Voodoo Lounge | 1 | |
| Barracks | 1 | |
| War Mill | 1 | |
| Stronghold | 1 | |
| Great Hall | 3 | |
| Watch Tower | 13 | |
| Beastiary | 4 | |
| Fortress | 1 | |
37 total
» build order
00:08 Altar of Storms
00:15 Orc Burrow
00:51 Voodoo Lounge
01:34 Barracks
01:50 Orc Burrow
03:12 Orc Burrow
04:23 Orc Burrow
05:01 War Mill
06:21 Orc Burrow
07:39 Stronghold
08:23 Great Hall
11:13 Orc Burrow
11:25 Orc Burrow
11:28 Watch Tower
12:31 Watch Tower
13:06 Great Hall
13:10 Watch Tower
13:13 Watch Tower
13:16 Watch Tower
13:21 Watch Tower
13:38 Watch Tower
13:45 Orc Burrow
14:19 Watch Tower
14:21 Watch Tower
14:26 Orc Burrow
14:35 Orc Burrow
16:30 Beastiary
16:37 Beastiary
16:41 Beastiary
16:46 Fortress
17:20 Beastiary
18:49 Orc Burrow
19:48 Watch Tower
19:50 Watch Tower
19:52 Watch Tower
19:54 Watch Tower
22:31 Great Hall
» items
| Healing Salve | 4 | |
| Lesser Clarity Potion | 2 | |
| Scroll of Speed | 1 | |
| Orb of Lightning | 1 | |
| Scroll of Town Portal | 2 | |
10 total
team 2 (winner)
LLAW-Itachi (
teal | 189 APM | 4000 actions | 21:07)
3 Warden
2 Shadow Strike
1 Fan of Knives
1 Mountain King
1 Storm Bolt
3 Archmage
2 Summon Water Elemental
1 Brilliance Aura
1 Keeper of the Grove
1 Entangling Roots
» actions
| Assign group hotkey | 42 | |
| Basic commands | 2 | |
| Build / train | 131 | |
| ESC pressed | 3 | |
| Enter build submenu | 32 | |
| Enter hero's abilities submenu | 8 | |
| Give item / drop item | 1 | |
| Right click | 1316 | |
| Select / deselect | 560 | |
| Select group hotkey | 1818 | |
| Use ability | 87 | |
4000 total
» units
| Wisp | 16 | |
| Peasant | 17 | |
| Archer | 8 | |
| Footman | 7 | |
| Dryad | 8 | |
| Druid of the Talon | 4 | |
| Spell Breaker | 9 | |
| Priest | 2 | |
| Rifleman | 2 | |
| Sorceress | 3 | |
| Chimaera | 6 | |
| Hippogryph | 4 | |
86 total
» upgrades
| Strength of the Wild | 2 | |
| Strength of the Moon | 1 | |
| Plating | 2 | |
| Armor | 1 | |
6 total
» buildings
| Altar of Elders | 1 | |
| Moon Well | 7 | |
| Altar of Kings | 1 | |
| Farm | 13 | |
| Ancient of War | 1 | |
| Barracks | 1 | |
| Tree of Ages | 4 | |
| Hunter's Hall | 1 | |
| Keep | 4 | |
| Tree of Eternity | 2 | |
| Ancient of Lore | 1 | |
| Ancient of Wind | 1 | |
| Arcane Vault | 1 | |
| Arcane Sanctum | 2 | |
| Blacksmith | 1 | |
| Scout Tower | 3 | |
| Lumber Mill | 1 | |
| Castle | 4 | |
| Chimaera Roost | 3 | |
| Guard Tower | 1 | |
53 total
» build order
00:07 Altar of Elders
00:21 Moon Well
00:26 Altar of Kings
00:31 Farm
00:51 Ancient of War
00:55 Barracks
01:10 Farm
02:18 Tree of Ages
02:18 Tree of Ages
02:19 Tree of Ages
02:19 Tree of Ages
02:28 Farm
02:29 Farm
02:30 Farm
02:31 Farm
03:11 Moon Well
03:12 Moon Well
03:20 Hunter's Hall
04:14 Keep
04:14 Keep
04:14 Keep
05:03 Tree of Eternity
05:03 Tree of Eternity
06:35 Ancient of Lore
06:44 Ancient of Wind
06:52 Arcane Vault
07:22 Arcane Sanctum
07:29 Blacksmith
07:38 Farm
07:40 Farm
07:42 Farm
07:42 Farm
08:17 Arcane Sanctum
09:15 Farm
09:16 Farm
09:18 Scout Tower
09:19 Scout Tower
09:24 Lumber Mill
09:33 Moon Well
09:55 Farm
09:56 Scout Tower
13:04 Castle
13:05 Castle
13:05 Castle
13:12 Chimaera Roost
13:13 Chimaera Roost
13:17 Chimaera Roost
13:25 Moon Well
13:25 Moon Well
13:27 Moon Well
17:44 Guard Tower
» items
| Scroll of Town Portal | 3 | |
| Potion of Healing | 1 | |
4 total

»
Parabolica (
red | 76 APM | 1943 actions | 25:29)
4 Death Knight
2 Death Coil
2 Unholy Aura
3 Crypt Lord
2 Impale
1 Spiked Carapace
» actions
| Assign group hotkey | 19 | |
| Build / train | 56 | |
| Enter build submenu | 15 | |
| Enter hero's abilities submenu | 7 | |
| Give item / drop item | 1 | |
| Right click | 658 | |
| Select / deselect | 266 | |
| Select group hotkey | 852 | |
| Use ability | 69 | |
1943 total
» units
| Acolyte | 6 | |
| Ghoul | 3 | |
| Crypt Fiend | 7 | |
| Peasant | 2 | |
| Frost Wyrm | 7 | |
25 total
» upgrades
| Creature Attack | 3 | |
| Creature Carapace | 2 | |
| Web | 1 | |
| Freezing Breath | 1 | |
7 total
» buildings
| Ziggurat | 5 | |
| Crypt | 1 | |
| Altar of Darkness | 1 | |
| Tomb of Relics | 1 | |
| Graveyard | 1 | |
| Nerubian Tower | 1 | |
| Halls of the Dead | 1 | |
| Spirit Tower | 3 | |
| Sacrificial Pit | 1 | |
| Black Citadel | 1 | |
| Boneyard | 2 | |
18 total
» build order
00:55 Ziggurat
01:00 Crypt
01:02 Altar of Darkness
01:04 Ziggurat
01:13 Tomb of Relics
01:31 Graveyard
02:08 Nerubian Tower
03:30 Ziggurat
04:56 Halls of the Dead
05:49 Ziggurat
06:07 Spirit Tower
06:11 Spirit Tower
06:11 Spirit Tower
07:34 Sacrificial Pit
07:49 Black Citadel
08:27 Ziggurat
10:12 Boneyard
10:14 Boneyard
» items
| Rod of Necromancy | 1 | |
| Scroll of Town Portal | 4 | |
| Potion of Healing | 2 | |
7 total
EsotericTrumpst (
green | 46 APM | 2080 actions | 45:33)
7 Blademaster
3 Wind Walk
3 Critical Strike
1 Bladestorm
» actions
| Assign group hotkey | 66 | |
| Basic commands | 37 | |
| Build / train | 68 | |
| Enter build submenu | 48 | |
| Enter hero's abilities submenu | 7 | |
| Give item / drop item | 1 | |
| Right click | 1030 | |
| Select / deselect | 293 | |
| Select group hotkey | 395 | |
| Use ability | 135 | |
2080 total
» units
| Peon | 8 | |
| Grunt | 5 | |
| Wind Rider | 10 | |
| Goblin Shredder | 2 | |
| Troll Batrider | 7 | |
32 total
» upgrades
| Ranged Weapons | 3 | |
| Armor | 3 | |
| Reinforced Defenses | 1 | |
| Liquid Fire | 1 | |
| Troll Regeneration | 1 | |
9 total
» buildings
| Orc Burrow | 5 | |
| Altar of Storms | 1 | |
| Barracks | 1 | |
| Voodoo Lounge | 1 | |
| Stronghold | 1 | |
| War Mill | 2 | |
| Scout Tower | 3 | |
| Arcane Tower | 4 | |
| Beastiary | 4 | |
| Watch Tower | 28 | |
| Great Hall | 3 | |
| Fortress | 1 | |
54 total
» build order
00:12 Orc Burrow
00:52 Altar of Storms
00:54 Barracks
01:10 Orc Burrow
01:41 Voodoo Lounge
02:49 Stronghold
04:08 War Mill
04:18 Scout Tower
04:23 Scout Tower
04:48 Scout Tower
05:15 Arcane Tower
05:16 Arcane Tower
05:16 Arcane Tower
05:21 Beastiary
05:22 Beastiary
05:26 Orc Burrow
05:28 Orc Burrow
07:38 Orc Burrow
08:04 Watch Tower
08:08 Watch Tower
08:22 Watch Tower
08:23 Watch Tower
10:11 Great Hall
11:34 Watch Tower
11:40 Watch Tower
12:56 Fortress
16:26 Watch Tower
16:26 Watch Tower
16:26 Watch Tower
16:27 Watch Tower
16:28 Watch Tower
16:28 Watch Tower
16:29 Watch Tower
16:29 Watch Tower
16:30 Watch Tower
16:31 Watch Tower
17:33 Watch Tower
17:34 Watch Tower
17:35 Watch Tower
19:25 Watch Tower
19:27 Watch Tower
19:27 Watch Tower
21:04 Beastiary
21:06 Beastiary
21:11 War Mill
27:58 Great Hall
28:00 Watch Tower
28:01 Watch Tower
28:01 Watch Tower
28:02 Watch Tower
34:55 Great Hall
» items
| Healing Salve | 6 | |
| Scroll of Town Portal | 1 | |
| Orb of Lightning | 1 | |
| Potion of Healing | 2 | |
| Potion of Mana | 2 | |
| Lesser Clarity Potion | 1 | |
13 total
Chat log
(02:53 / All) EsotericTrumpst: sigh
(02:54 / Allies) LLAW-Itachi: rush
(03:11 / All) EsotericTrumpst: what's your prob, cuh?
(03:32 / All) I_PLAY_NAKED: u smell like sour milk
(03:38 / Allies) EsotericTrumpst: teal
(03:40 / Allies) EsotericTrumpst: yellow is being raped
(04:25 / Allies) EsotericTrumpst: sigh
(04:26 / Allies) EsotericTrumpst: motherufdck
(04:27 / Allies) EsotericTrumpst: SKMDAflksadjfsd
(04:27 / Allies) EsotericTrumpst: esfklsdagklsdjfsag
(04:28 / All) EsotericTrumpst: G
(04:31 / Allies) EsotericTrumpst: make a fucking mana towre
(04:32 / Allies) EsotericTrumpst: fucking mutt
(06:33 / Allies) EsotericTrumpst: b
(06:33 / Allies) EsotericTrumpst: b
(06:34 / Allies) EsotericTrumpst: b
(06:34 / Allies) EsotericTrumpst: b
(07:09 / Allies) LLAW-Itachi: anybody wood?
(10:27 / All) I_PLAY_NAKED: ok fag
(11:45 / Allies) EsotericTrumpst: goold?
(12:04 / Allies) EsotericTrumpst: b?
(13:29 / Allies) Parabolica: fight
(13:32 / Allies) Parabolica: fight
(13:33 / Allies) Parabolica: almsot there
(13:48 / Allies) LLAW-Itachi: meet there
(13:49 / Allies) LLAW-Itachi: and wait
(13:50 / Allies) LLAW-Itachi: is gg
(13:59 / Allies) EsotericTrumpst: GO
(14:01 / Allies) EsotericTrumpst: motehrufcker
(14:06 / Allies) EsotericTrumpst: b
(15:18 / Allies) Parabolica: b
(15:30 / Allies) EsotericTrumpst: out
(15:31 / Allies) EsotericTrumpst: out
(17:38 / All) I_PLAY_NAKED: so obvious mh faggots
(19:01 / Allies) EsotericTrumpst: then counter purple
(19:31 / Allies) Parabolica: gold plz
(19:47 / Allies) Parabolica: gold for tp
(19:47 / Allies) EsotericTrumpst: let's take out purp
(19:52 / Allies) EsotericTrumpst: come
(20:05 / Allies) EsotericTrumpst: hall purple with chims
(20:23 / All) EsotericTrumpst: oh
(20:28 / All) EsotericTrumpst: out
(20:34 / All) EsotericTrumpst: I said hall purp wth chims
(20:38 / All) EsotericTrumpst: no upgrade attack
(22:17 / Allies) EsotericTrumpst: back
(22:39 / All) EsotericTrumpst: blue dfe has hax btw
(22:52 / All) I_PLAY_NAKED: so do u
(22:57 / All) EsotericTrumpst: how so retard
(24:57 / All) passthepopcorn: Pink still no reinforced defenses lawl
(25:03 / All) passthepopcorn: This is a pretty low ELL game I think
(25:06 / All) passthepopcorn: or they're all just trash
(25:48 / All) lENDs: orange tried but.....
(25:50 / All) lENDs: hahhaahhahahaha
(25:52 / All) lENDs: so noob
(26:00 / All) lENDs: kkkkkkkk
(26:05 / All) passthepopcorn: Tried what?
(26:09 / All) lENDs: go ahead orange
(26:09 / All) passthepopcorn: I'm not trying, I'm succeeding
(26:14 / All) lENDs: kkkkkkkkk
(26:18 / All) passthepopcorn: I'm making you lose
(26:19 / All) lENDs: so noob
(26:22 / All) lENDs: how
(26:22 / All) passthepopcorn: I'm making blue lose
(26:25 / All) passthepopcorn: and I'm making pink lose
(26:26 / All) lENDs: 3x1
(26:28 / All) passthepopcorn: by killing our whole team
(26:28 / All) lENDs: kkkkkkkkkkkk
(26:30 / All) I_PLAY_NAKED: lol
(26:32 / All) lENDs: u are so noob
(26:37 / All) I_PLAY_NAKED: ur sucking dick is what ur doing
(26:43 / All) lENDs: are u a kid?
(26:54 / All) lENDs: 9 years
(26:57 / All) lENDs: ?
(26:58 / All) passthepopcorn: You type like you're 12 lol
(27:02 / All) passthepopcorn: and you're calling me a kid
(27:03 / All) lENDs: kkkkkkkkkkk
(28:03 / All) lENDs: watch orange
(28:06 / All) lENDs: kkkkkkkk
(28:10 / All) lENDs: so anormal
(28:14 / All) lENDs: attack us
(28:17 / All) lENDs: kkkkkkkkkkkk
(28:18 / All) passthepopcorn: are you ESL purp?
(28:32 / All) lENDs: kkkkkkkkk
(28:41 / All) I_PLAY_NAKED: poor orange angry he has a tiny dick
(28:42 / All) lENDs: go to psycaalist man
(28:58 / All) Screw_It: gg we have a tk
(28:59 / All) lENDs: kkkkkkkkkkkkk
(29:05 / All) EsotericTrumpst: brb
(29:13 / All) I_PLAY_NAKED: lol oj ur so fucking pathetic kid
(29:33 / All) passthepopcorn: I think you and purp are pathetic
(29:42 / All) passthepopcorn: I'm tking and you're the ones crying about it LOL!
(29:50 / All) lENDs: kkkkkkkkkkkkkk
(29:57 / All) lENDs: pathetic
(30:01 / All) passthepopcorn: You tower rush then mass tanks
(30:04 / All) passthepopcorn: pathetic noob build
(30:43 / All) passthepopcorn: You can leave now purp
(31:01 / All) lENDs: kkkkkkkkkkk
(31:13 / All) passthepopcorn: this guy types like a retard
(31:23 / All) lENDs: see your name passthepocorn
(31:25 / All) lENDs: kkkkkkkkkkk
(31:35 / All) passthepopcorn: english?
(31:36 / All) lENDs: kkkkkkk
(31:41 / All) lENDs: kkkkkkkkkkk
(31:42 / All) passthepopcorn: me no hablo espanol
(31:48 / All) lENDs: kkkkkkkkkkkk
(31:49 / All) passthepopcorn: I don't understand what you're saying
(31:54 / All) passthepopcorn: it's in spic english
(31:59 / All) lENDs: passthepopcorn
(32:05 / All) lENDs: kkkkkkkkkkkkkk
(32:16 / All) passthepopcorn: are you saying you want popcorn?
(32:27 / All) lENDs: passthepopcorn.....
(32:32 / All) passthepopcorn: what about it
(32:33 / All) lENDs: kkkkkkkkkkkkkkkkkkkkkkkkkkkk
(32:57 / All) lENDs: or a water?
(33:05 / All) lENDs: kkkkkkkkkkkkkkkkkk
(33:08 / All) lENDs: nice name
(33:12 / All) lENDs: kkkkkkkkkkkkkkkkkkkkkkkkkkkkkkkkkkkkkkkkk
(33:14 / All) passthepopcorn: were you a special needs student?
(33:32 / All) lENDs: so passthepopcorn
(33:35 / All) lENDs: kkkkkkkkkkkkkkkkkkkkkkkkkkkkkkkkkkkkkkkkkkkkkkkkk
(33:43 / All) passthepopcorn: lol
(35:10 / All) EsotericTrumpst: Get raped son
(35:29 / All) EsotericTrumpst: I can't believe that retard teal didn't upgrade chim attack lol
(35:42 / All) EsotericTrumpst: could have halled purple and ran
(35:49 / All) EsotericTrumpst: and you wouldn't have had to tk really
(35:59 / All) passthepopcorn: My team was retarded
(36:03 / All) passthepopcorn: this game was really stupid
(36:10 / All) EsotericTrumpst: My team was 10x as dumb
(36:11 / All) lENDs: kkkkkkkk
(36:15 / All) EsotericTrumpst: Literally dumb and dumber on my team
(36:19 / All) lENDs: passthepopcorn
(36:22 / All) lENDs: kkkkkkkkkkkkkkkkkkkkkkkkkkkkkkkkkkkkkkkkkk
(36:22 / All) EsotericTrumpst: and the leaver, which dumber tookover
(36:33 / All) passthepopcorn: Look at this retard purp
(36:35 / All) lENDs: passthepopcorn plz
(36:39 / All) lENDs: kkkkkkkkkkkkkkkkkkkkkkkkkkkkkkkkkkkkkkkkkkkkkkkkkkkkkkkkkkkkkkkkkkkkkkkkkkkkkk
(36:41 / All) passthepopcorn: kkkkkkkkkkkk
(36:43 / All) passthepopcorn: kkkkkkkkkkk
(36:57 / All) EsotericTrumpst: red was playing like me when I had to control 4 fucking armies LMAO
(37:12 / All) passthepopcorn: it's funny they always call you a hacker
(37:12 / All) EsotericTrumpst: brb
(37:15 / All) passthepopcorn: but never me and I actually hack
(37:18 / All) EsotericTrumpst: lawl
(37:23 / All) EsotericTrumpst: I don't understand why he called me that
(37:29 / All) EsotericTrumpst: Just because I was hitting 3 of htem ?
(37:33 / All) EsotericTrumpst: that was all pretty organic
(37:36 / All) EsotericTrumpst: plus use of goblin lab
(37:37 / All) EsotericTrumpst: brb
(38:12 / All) passthepopcorn: Any final words for us purp?
(38:25 / All) passthepopcorn: You're 94-97 now
(38:29 / All) passthepopcorn: LOL pathetic!
(38:38 / All) passthepopcorn: I'll give you 5 seconds to say something
(38:39 / All) passthepopcorn: 5
(38:40 / All) passthepopcorn: 4
(38:41 / All) passthepopcorn: 3
(38:42 / All) passthepopcorn: 2
(38:44 / All) passthepopcorn: 1
(38:51 / All) passthepopcorn: well, guess you haven't got anything to say, what a surprise